 Dungeon Crawl Stone Soup version 0.29-a0-344-ge2f44be95a (webtiles) character file.

Game seed: 17780274393756923243

18 spiderkeys the Skirmisher (level 2, 0/26 HPs)
             Began as a Ghoul Abyssal Knight on Apr 21, 2022.
             Was a Believer of Lugonu.
             Slain by an orc
             ... wielding a +0 dagger
              (4 damage)
             ... on level 2 of the Dungeon.
             The game lasted 00:01:04 (856 turns).

spiderkeys the Skirmisher (Ghoul Abyssal Knight)     Turns: 856, Time: 00:01:04

Health: 0/26       AC:  5    Str: 15 (16) XL:     2   Next: 66%
Magic:  2/2        EV: 10    Int:  3 (5)  God:    Lugonu [**....]
Gold:   49         SH:  0    Dex:  8 (9)  Spells: 1/1 levels left

rFire   . . .      SeeInvis .   a - +1 hand axe
rCold   + . .      Faith    .   (no shield)
rNeg    + + +      Spirit   .   m - +0 ring mail
rPois   ∞          Reflect  +   (no helmet)
rElec   .          Harm     .   (no cloak)
rCorr   .          Rampage  .   (no gloves)
Will    .....                   (no boots)
Stlth   ..........              f - amulet of reflection
HPRegen 0.00/turn               (no ring)
MPRegen 0.08/turn               (no ring)

@: confused, mighty, inhibited regen
A: claws 1, cold resistance 1, negative energy resistance 3, inhibited
regeneration, torment resistance 2, devour on kill
a: Renounce Religion, Depart the Abyss, Bend Space


You were on level 2 of the Dungeon.
You worshipped Lugonu.
Lugonu was pleased with you.
You visited 1 branch of the dungeon, and saw 2 of its levels.
You visited the Abyss 1 time.

You collected 49 gold pieces.


Innate Abilities, Weirdness & Mutations

You are immune to poison.
You have sharp fingernails.
Your flesh is cold resistant. (rC+)
You are immune to negative energy. (rN+++)
You do not regenerate when monsters are visible.
You are immune to unholy pain and torment.
You thrive by killing the living.


   Skills:
 + Level 3.5 Fighting
 + Level 2.0 Axes
 + Level 2.1 Armour
 - Level 1.0 Dodging
 + Level 2.3 Invocations


You had one spell level left.
You didn't know any spells.
Your spell library contained the following spells:

 Spells                   Type           Power      Damage    Failure   Level
 Petrify                  Tmut/Erth      0%         N/A       100%        4
 Irradiate                Conj/Tmut      0%         3d13      100%        5
 Sublimation of Blood     Necr           Unusable   N/A       N/A         2

Inventory:

Hand Weapons
 a - a +1 hand axe (weapon)
Missiles
 d - 46 stones
 o - 4 curare-tipped darts {=f}
Armour
 b - a +0 leather armour
 j - a +0 chain mail
   (You found it on level 1 of the Dungeon)
 l - a +0 robe
   (You found it on level 1 of the Dungeon)
 m - a +0 ring mail (worn)
   (You found it on level 2 of the Dungeon)
 n - a +0 leather armour
   (You found it on level 2 of the Dungeon)
Jewellery
 f - an amulet of reflection (around neck)
   (You found it on level 1 of the Dungeon)
Scrolls
 g - 3 scrolls of identify {@r1}
 i - a scroll of amnesia
 k - a scroll of noise {!r}
Potions
 c - a potion of resistance {unknown}
 e - a potion of degeneration {!q}

Dungeon Overview and Level Annotations

Branches:
Dungeon (2/15)

Altars:

#. #######.... #.#.
#.......<### ....
#.######## #... #....
..# #...# ###..#####.#
##....#####........#.###
..........#........#....
#......o#.#..#.#.>.#....
#.8..{8@#...###.........
#....ooo#.#<.#..###.....
#.....oo#.#.....# #.#...
#.......#.#.....###.....
#.8...8.#.####......####
#.......#.# #.####.####
##.....##.# #.........#
##$⌠$# #.# ######.##..
..# #.....


You could see 2 orc priests, an orc wizard and 3 orcs.


Message History

Done exploring.
Done exploring.
Done exploring.
As you read the scroll labelled NIVAUSYOHE, it crumbles to dust.
It is a scroll of identify.
k - a scroll of noise
As you read the scroll of identify {@r1}, it crumbles to dust.
i - a scroll of amnesia You see here a +0 club.
There is a stone staircase leading down here.
You climb downwards.
There is a stone staircase leading up here.
m - a +0 ring mail A kobold comes into view.
It is wielding a +0 dagger.
The kobold shouts!
A kobold is nearby!
A kobold is nearby!
You hit the kobold. The kobold closely misses you.
You completely miss the kobold.
The kobold hits you with a +0 dagger. 😕 HP[-1]
You take 1 damage, and now have 25/26 hp.
You slash the kobold!
You kill the kobold!
Lugonu accepts your kill.
You feel better. 😎 HP[+1]
Your hp is fully restored (26).
No target in view!
No target in view!
No target in view!
You start removing your armour.
You continue taking off your +0 leather armour. x4
You finish taking off your +0 leather armour.
You start putting on your armour.
You continue putting on your +0 ring mail. x5
You finish putting on your +0 ring mail.
You see here a +0 dagger.
You see here a +0 dagger.
Key pressed, stopping explore.
e - 2 yellow potions (gained 1)
You pick up a book of Alchemy and begin reading...
You add the spells Petrify and Irradiate to your library.
g - 3 scrolls of identify {@r1} (gained 1)
n - a +0 leather armour
o - 4 curare-tipped darts {=f}
Found an escape hatch in the floor.
You now have 49 gold pieces (gained 8).
Found a stone staircase leading up.
There is a stone staircase leading up here.
An orc comes into view. It is wielding a +0 dagger.
The orc shouts!
An orc wizard comes into view.
It is wielding a +0 dagger. 2 orc priests, 2 orcs and an orc wizard come into view.
An orc priest is wielding a +0 short sword of venom.
The orc shouts!
The orc priest shouts!
The orc wizard shouts!
The orc priest shouts!
The orc shouts!
The orc wizard mumbles some strange words.
The orc wizard flickers and vanishes!
Deactivating autopickup; reactivate with Ctrl-A.
The orc priest hits you but does no damage.
You barely miss the orc priest. You claw the orc priest.
You closely miss the orc wizard.
The orc wizard points at you and mumbles some strange words.
The magic dart hits you!
The orc priest barely misses you. 😮 HP[-8]
You take 8 damage, and now have 18/26 hp.
MASSIVE DAMAGE!! (PAUSE)
The orc wizard casts a spell at you.
You are confused.
The orc priest miscasts a cantrip.
The orc wizard gestures at you while chanting.
The magic dart hits you. The orc priest hits you with a +0 mace.
* * * LOW HITPOINT WARNING * * *
The orc hits you with a +0 dagger.
* * * LOW HITPOINT WARNING * * *
😨 HP[-9]
You take 9 damage, and now have 9/26 hp.
MASSIVE DAMAGE!! (PAUSE)
You are too confused!
It was a potion of degeneration.
There was something very wrong with that liquid.
You feel weakened.
You feel dopey.
You feel clumsy.
The orc wizard hits you with a +0 dagger.
* * * LOW HITPOINT WARNING * * *
The orc priest closely misses you. 😨 HP[-1]
You take 1 damage, and now have 8/26 hp.
It was a potion of might.
You feel very mighty all of a sudden. The orc hits you but does no damage.
The orc wizard casts a spell at you.
You are more confused.
The orc priest barely misses you.
You're too confused to move!
The orc wizard casts a spell at you. The magic dart hits you.
* * * LOW HITPOINT WARNING * * *
The orc priest miscasts a cantrip.
The orc hits you with a +0 dagger.
You die...

Skill      XL: |  1  2 |
---------------+-------+-----
Dodging        | 1 |  1.0
Axes           | 2 |  2.0
Armour         | 2 |  2.1
Fighting       | |  3.5
Invocations    | |  2.3

Action                   || total
-------------------------++-------
Melee: Hand axe          ||    33
       Punch             ||     1
  Use: Scroll            ||     2
       Potion            ||     2
Armor: Leather armour    ||     7
       Ring mail         ||     2
Dodge: Dodged            ||    18
Block: Other             ||     1

Levels and vault maps discovered:
D:1:      dpeg_arrival_simpleton_a, layout_basic,
          hellmonk_ecumenical_altar_zigzags
D:2:      cheibrodos_pilgrimage, layout_loops_cross, basic_altar, serial_shops,
          nicolae_shop_stone, uniq_sigmund, uniq_natasha

Notes
Turn   | Place    | Note
-------+----------+-------------------------------------------
     0 | Abyss:1  | spiderkeys the Ghoul Abyssal Knight began the quest for the
                  | Orb.
     0 | Abyss:1  | Reached XP level 1. HP: 19/19 MP: 1/1
     0 | Abyss:1  | magus.rc [v1.11.3]
    14 | D:1      | You pass through the gate.
    14 | D:1      | Escaped the Abyss
    67 | D:1      | Reached skill level 1 in Dodging
   125 | D:1      | Reached XP level 2. HP: 26/26 MP: 2/2
   137 | D:1      | Reached skill level 2 in Axes
   137 | D:1      | Reached skill level 2 in Armour
   186 | D:1      | Found a faded altar of an unknown god.
   808 | D:2      | You pick up a book of Alchemy and begin reading...
   808 | D:2      | You add the spells Petrify and Irradiate to your library.
   856 | D:2      | HP: 4/26 [orc wizard/magic dart (4)]
   856 | D:2      | Slain by an orc

Vanquished Creatures
  2 endoplasms (D:1)
  3 giant cockroaches (D:1)
  3 goblins (D:1)
  2 hobgoblins (D:1)
  A ball python (D:1)
  A bat (D:1)
  A frilled lizard (D:1)
  A kobold (D:2)
  2 rats (D:1)
16 creatures vanquished.

Table legend:
 A = Non-vault XP
 B = Vault XP
 C = Vault XP percentage of total XP
 D = Non-vault monster count
 E = Vault monster count
 F = Vault count percentage of total count
                 A         B        C        D         E       F
            +---------+---------+-------+---------+---------+-------
      Total |      26 |       0 |   0.0 |      16 |       0 |   0.0
            +---------+---------+-------+---------+---------+-------
        D:1 |      25 |       0 |   0.0 |      15 |       0 |   0.0
        D:2 |       1 |       0 |   0.0 |       1 |       0 |   0.0
            +---------+---------+-------+---------+---------+-------

Illustrated notes

Table legend:
 A = Kills in this place as a percentage of kills in entire the game.
 B = Kills by you in this place as a percentage of kills by you in the entire game.
 C = Kills by friends in this place as a percentage of kills by friends in the entire game.
 D = Other kills in this place as a percentage of other kills in the entire game.
 E = Experience gained in this place as a percentage of experience gained in the entire game.
 F = Experience gained in this place divided by the number of levels of this place that you have seen.
                   A       B       C       D       E      F
               +-------+-------+-------+-------+-------+----------------------
         Total | 100.0 | 100.0 |   N/A |   N/A | 100.0 |   8.7
       Dungeon | 100.0 | 100.0 |   N/A |   N/A | 100.0 |  13.0
               +-------+-------+-------+-------+-------+----------------------

Table legend: (Time is in decaauts)
 A = Elapsed time spent in this place.
 B = Non-inter-level travel time spent in this place.
 C = Inter-level travel time spent in this place.
 D = Time resting spent in this place.
 E = Time spent auto-exploring this place.
 F = Levels seen in this place.
 G = Mean time per level.
                   A        B        C        D        E       F      G
               +--------+--------+--------+--------+--------+-----+--------+
         Total |    862 |    821 |     41 |      0 |    689 |   3 |  287.3 |
       Dungeon |    848 |    807 |     41 |      0 |    684 |   2 |  424.0 |
         Abyss |     14 |     14 |      0 |      0 |      5 |   1 |   14.0 |
               +--------+--------+--------+--------+--------+-----+--------+

Top non-repeatable levels by time:
     D:1: 730 daAuts
     D:2: 117 daAuts
 Abyss:1: 14 daAuts
